Map: Mech Depot LE

Players

Cuervo - Winner!

  • Race: Zerg Zerg
  • Spawn Location: 1:00

shaaa

  • Race: Protoss Protoss
  • League: Bronze
  • Spawn Location: 7:00

VOD

Have the link to the VOD?

Description

Time

  • Played on: Sept. 18, 2017, 1:46 p.m.
  • Length: 13:22
Show
View Real Time Build Order
Export as new Build Order

Cuervo Zerg - Winner!

Build Orders: Pool First 

Get SALT Encoding   

  12  0:03  Drone  
  13  0:13  Overlord  
  13  0:23  Drone  
  14  0:31  Drone  
  14  0:32  Drone  
  16  0:40  Drone  
  17  0:43  Extractor  
  17  0:47  Drone  
  17  0:51  Spawning Pool  
  16  0:58  Drone  
  17  1:16  Hatchery  
  16  1:20  Drone  
  17  1:27  Drone  
  18  1:34  Overlord  
  18  1:42  Queen  
  20  1:47  Drone  
  20  1:52  Zergling x2  
  22  2:03  Zergling x2  
  23  2:20  Roach Warren  
  22  2:24  Metabolic Boost  
  22  2:25  Queen  
  24  2:31  Queen  
  24  2:35  Drone  
  27  2:40  Drone  
  27  2:41  Drone  
  29  3:00  Zergling x2  
  29  3:01  Zergling x4  
  32  3:10  Drone x4  
  36  3:18  Overlord  
  36  3:32  Overlord x2  
  36  3:43  Lair  
  36  3:47  Extractor  
  36  3:48  Roach x4  
  42  4:05  Roach  
  42  4:06  Roach x4  
  52  4:16  Drone x4  
  56  4:19  Extractor  
  56  4:21  Drone  
  56  4:22  Drone  
  57  4:30  Drone  
  57  4:31  Drone  
  59  4:34  Overlord  
  59  4:40  Glial Reconstitution  
  59  4:47  Overlord  
  59  4:54  Drone  
  59  4:55  Drone x3  
  59  4:59  Overlord  
  60  5:28  Ravager x4  
  62  5:29  Ravager  
  62  5:30  Ravager  
  62  5:31  Roach  
  67  5:40  Roach x3  
  67  6:02  Roach x3  
  67  6:03  Roach x5  
  62  6:28  Hydralisk Den  
  61  6:35  Zergling x2  
  61  6:36  Zergling x14  
  69  7:00  Hatchery  
  52  7:13  Hydralisk  
  52  7:14  Hydralisk x8  
  70  7:22  Extractor  
  62  7:51  Drone  
  62  7:52  Drone x8  
  71  8:07  Drone  
  71  8:08  Drone x4  
  76  8:17  Infestation Pit  
  76  8:20  Drone x2  
  76  8:21  Drone x2  
  79  8:29  Evolution Chamber  
  78  8:35  Evolution Chamber  
  78  8:36  Drone  
  78  8:37  Drone x5  
  81  8:55  Queen  
  83  9:02  Zerg Missile Weapons Level 1, Hatchery  
  83  9:05  Zerg Ground Armor Level 1  
  83  9:06  Hydralisk  
  83  9:07  Hydralisk x2  
  88  9:11  Overlord x2  
  88  9:27  Drone  
  89  9:45  Hydralisk  
  89  9:46  Hydralisk x7  
  104  9:55  Roach  
  104  9:56  Roach x4  
  106  10:09  Overlord x6  
  106  10:20  Roach  
  106  10:21  Roach  
  110  10:24  Overlord  
  110  10:25  Overlord x4  
  110  10:29  Infestor  
  110  10:34  Muscular Augments  
  112  10:41  Zergling x8  
  116  10:47  Queen  
  116  10:48  Drone  
  116  10:49  Drone x2  
  121  10:52  Extractor  
  121  10:53  Drone x2  
  121  10:54  Drone, Extractor  
  122  11:03  Drone  
  122  11:04  Drone x5  
  128  11:22  Drone  
  128  11:23  Drone x11  
  140  11:42  Hydralisk  
  140  11:43  Hydralisk x3  
  140  11:46  Roach  
  150  12:07  Hatchery  
  149  12:14  Overlord x3  
  149  12:17  Hydralisk x9  
  149  12:19  Roach  
Show
View Real Time Build Order
Export as new Build Order

shaaa Protoss 

Build Orders:  

Get SALT Encoding   

  12  0:01  Probe (Chrono Boost)  
  13  0:11  Probe (Chrono Boost)  
  14  0:21  Pylon  
  14  0:25  Pylon  
  14  0:28  Probe (Chrono Boost)  
  15  0:43  Probe (Chrono Boost)  
  16  1:04  Probe (Chrono Boost)  
  17  1:16  Probe (Chrono Boost), Nexus  
  18  1:20  Forge  
  18  1:32  Probe (Chrono Boost)  
  19  1:34  Assimilator  
  19  1:42  Probe (Chrono Boost)  
  20  1:49  Gateway  
  20  1:50  Pylon  
  20  1:59  Photon Cannon  
  20  2:04  Probe (Chrono Boost)  
  21  2:10  Assimilator  
  21  2:15  Probe (Chrono Boost)  
  21  2:25  Probe (Chrono Boost)  
  22  2:32  Probe (Chrono Boost)  
  22  2:36  Probe (Chrono Boost)  
  24  2:40  Pylon  
  24  2:42  Probe (Chrono Boost)  
  25  2:47  Probe (Chrono Boost)  
  25  2:48  Cybernetics Core  
  26  2:53  Probe (Chrono Boost), Pylon  
  28  2:58  Probe (Chrono Boost)  
  28  3:03  Probe (Chrono Boost)  
  29  3:08  Protoss Ground Weapons Level 1  
  29  3:09  Probe (Chrono Boost)  
  30  3:23  Probe (Chrono Boost)  
  30  3:24  Probe (Chrono Boost)  
  30  3:25  Stargate  
  32  3:28  Gateway  
  32  3:34  Probe (Chrono Boost), Assimilator  
  33  3:37  Warp Gate  
  33  3:39  Sentry  
  36  3:41  Probe (Chrono Boost)  
  36  3:44  Probe (Chrono Boost)  
  37  3:52  Probe (Chrono Boost)  
  37  3:55  Probe (Chrono Boost)  
  39  4:02  Probe (Chrono Boost)  
  40  4:05  Probe (Chrono Boost)  
  40  4:07  Assimilator  
  40  4:08  Oracle (Chrono Boost)  
  44  4:11  Probe  
  44  4:16  Probe  
  46  4:21  Probe  
  46  4:22  Sentry  
  49  4:29  Probe  
  50  4:32  Probe  
  51  4:41  Robotics Facility  
  51  4:44  Pylon  
  51  4:46  Void Ray (Chrono Boost)  
  51  4:51  Gateway  
  55  4:54  Gateway  
  55  4:55  Pylon  
  55  4:58  Probe  
  55  4:59  Probe  
  57  5:26  Void Ray (Chrono Boost)  
  61  5:36  Immortal (Chrono Boost)  
  61  5:42  Sentry x2  
  67  6:03  Nexus  
  65  6:05  Pylon  
  65  6:07  Assimilator  
  63  6:11  Assimilator  
  60  6:25  Void Ray  
  62  6:28  Immortal (Chrono Boost)  
  66  6:32  Pylon  
  66  6:34  Probe  
  66  6:35  Mothership Core, Pylon  
  69  6:45  Probe  
  70  6:55  Probe  
  70  6:56  Probe  
  70  7:14  Void Ray  
  74  7:21  Zealot x4  
  76  7:35  Pylon  
  76  7:37  Pylon, Sentry  
  78  7:46  Probe  
  78  7:47  Probe x2  
  81  7:56  Probe  
  81  7:57  Protoss Ground Armor Level 1 (Chrono Boost), Void Ray, Probe  
  81  7:58  Immortal (Chrono Boost)  
  90  7:59  Probe  
  92  8:07  Pylon  
  92  8:13  Robotics Bay  
  92  8:14  Twilight Council  
  92  8:15  Probe x2  
  92  8:16  Forge, Probe  
  92  8:17  Gateway  
  92  8:19  Gateway  
  95  8:21  Gateway x2, Zealot x4  
  95  8:26  Probe  
  103  8:28  Probe  
  103  8:29  Probe  
  106  8:40  Protoss Ground Weapons Level 2 (Chrono Boost)  
  104  8:41  Zealot  
  104  8:46  Void Ray  
  110  8:51  Immortal  
  110  8:52  Charge (Chrono Boost)  
  114  9:02  Pylon  
  114  9:03  Extended Thermal Lance (Chrono Boost)  
  114  9:05  Gateway  
  114  9:13  Probe x3  
  117  9:25  Probe x3  
  117  9:29  Colossus (Chrono Boost)  
  126  9:37  Probe  
  127  9:43  Zealot x4  
  130  9:45  Zealot  
  130  9:46  Zealot  
  131  10:09  Pylon  
  131  10:11  Pylon  
  131  10:12  Pylon  
  131  10:15  Pylon  
  131  10:26  Void Ray  
  131  10:27  Colossus (Chrono Boost)  
  141  10:35  Zealot x5  
  144  10:36  Zealot x3  
  154  10:44  Fleet Beacon  
  154  10:46  Stargate  
  154  10:48  Stargate x2  
  154  10:57  Probe x2  
  156  11:12  Probe  
  156  11:17  Observer (Chrono Boost)  
  158  11:23  Zealot  
  160  11:30  Nexus  
  160  11:37  Graviton Catapult  
  160  11:46  Pylon  
  160  11:49  Assimilator  
  160  11:51  Assimilator  
  160  12:01  Warp Prism (Chrono Boost)  
  162  12:29  Probe  
  164  12:30  Probe x2  
  164  12:32  Zealot x3  
  164  12:33  Observer (Chrono Boost)  
  171  12:37  Pylon  
  123  13:06  Zealot  
  123  13:07  Zealot x5  
  123  13:08  Zealot x3  
Tags
 
League
Bronze
Matchup
PvZ
Opening
Pool First
Spawn Locations
Cross Positions
Add a new tag
Caveats
  • Supply blocks, unpowered buildings, or Contaminate may cause inaccurate times.
  • Supply counts are checked every 10 seconds.